 Dungeon Crawl Stone Soup version 0.29.0-5-ge4962eb29e (webtiles) character file.

Game seed: 10140396426785670999

7 avis the Caller (level 1, 0/7 HPs)
             Began as a Felid Summoner on Aug 28, 2022.
             Slain by a quokka (2 damage)
             ... on level 1 of the Dungeon.
             The game lasted 00:01:48 (369 turns).

avis the Caller (Felid Summoner)                     Turns: 369, Time: 00:01:48

Health: 0/7        AC:  1    Str:  4    XL:     1   Next: 83%
Magic:  1/4        EV: 17    Int: 16    God:
Gold:   53         SH:  0    Dex: 16    Spells: 3/4 levels left
                                        Lives:  0   Deaths: 0

rFire   . . .      SeeInvis +   (weapon unavailable)
rCold   . . .      Faith    .   (shield unavailable)
rNeg    . . .      Spirit   .   (body armour unavailable)
rPois   .          Reflect  .   (helmet unavailable)
rElec   .          Harm     .   (cloak unavailable)
rCorr   .          Rampage  .   (gloves unavailable)
Will    .....                   (boots unavailable)
Stlth   ++........              (no amulet)
HPRegen 0.02/turn               (no ring)
MPRegen 0.09/turn               (no ring)

@: quick
A: very small, claws 1, fangs 3, see invisible, speed 1, shaggy fur 1, stealthy
paws, no weapons or thrown items, no armour, multi-lived
a: no special abilities


You were on level 1 of the Dungeon.
You visited 1 branch of the dungeon, and saw 1 of its levels.

You collected 53 gold pieces.

Inventory:

Scrolls
 b - a scroll of blinking {unknown}
 e - a scroll of identify {unknown}
 g - a scroll of vulnerability {unknown}
Potions
 a - a potion of magic
 c - 2 potions of curing {unknown}
 d - a potion of degeneration {unknown}
 f - a potion of heal wounds {unknown}


   Skills:
 - Level 2.6 Dodging
 - Level 2.6 Stealth
 + Level 0.0 Unarmed Combat
 * Level 2.3 Spellcasting
 * Level 4.1 Summonings


You had 3 spell levels left.
You knew the following spells:

 Your Spells              Type           Power      Damage    Failure   Level
a - Summon Small Mammal   Summ           60%        N/A       3%          1

Your spell library contained the following spells:

 Spells                   Type           Power      Damage    Failure   Level
 Call Imp                 Summ           15%        N/A       5%          2
 Call Canine Familiar     Summ           15%        N/A       11%         3
 Summon Guardian Golem    Hex/Summ       8%         N/A       26%         3
 Summon Lightning Spire   Summ/Air       8%         N/A       65%         4


Dungeon Overview and Level Annotations

Branches:
Dungeon (1/15)

Altars:


Innate Abilities, Weirdness & Mutations

You have sharp claws.
You have razor-sharp teeth.
You have supernaturally acute eyesight. (SInv)
You cover ground quickly. (Speed+)
You are covered in fur. (AC +1)
Your paws help you pounce on unaware monsters.
You are incapable of wielding weapons or throwing items.
You cannot wear armour.
You gain extra lives every three experience levels.


Message History

Attack!
Your quokka barely misses the kobold.
Your quokka bites the kobold.
The kobold dies!
You swap places.
Your magical contamination has completely faded away.
You swap places.
Found a white potion.
Things that are here:
a +0 dagger; 4 stones; a kobold corpse
f - a white potion You start resting.
Magic restored.
Your quokka disappears in a puff of smoke!
You swap places.
Your rat disappears in a puff of smoke!
g - a scroll labelled DUCEIVVUSCHYM A quokka comes into view.
A quokka comes into view.
Casting: Summon Small Mammal (safe; 3% risk of failure)
Confirm with . or Enter, or press ? or * to list all spells.
Casting: Summon Small Mammal (safe; 3% risk of failure)
Confirm with . or Enter, or press ? or * to list all spells.
The quokka twitches its whiskers.
The quokka bites you. x2
* * * LOW HITPOINT WARNING * * *
You swap places.
Your bat closely misses the quokka.
The quokka bites your quokka.
Your quokka closely misses the quokka.
The quokka closely misses your quokka. The quokka closely misses your quokka.
Your bat hits the quokka.
Your quokka closely misses the quokka.
The quokka misses your quokka.
Your bat hits the quokka but does no damage.
The quokka bites your quokka.
Your quokka dies!
Your quokka's corpse disappears in a puff of smoke!
Your bat hits the quokka but does no damage.
Your bat closely misses the quokka.
Casting: Summon Small Mammal (safe; 3% risk of failure)
Confirm with . or Enter, or press ? or * to list all spells.
Your bat barely misses the quokka.
The quokka completely misses you. The quokka bites you.
You die...

.... ######.#####
########..........#
..................#
..................#
.###...#..........#
## ##.#######§#####
# #.##.....§...b# ##
#.##......§r@.#
.###..##.......r..#
......##..........#
......##.###..##b...
......... #.####.###
.......# #. .#
......# .. .#
......# # .# ......#


You could see 2 quokkas and 2 friendly bats.

Vanquished Creatures
  A bat (D:1)
1 creature vanquished.

Vanquished Creatures (collateral kills)
  A dart slug (D:1)
  A quokka (D:1)
  A ball python (D:1)
  A kobold (D:1)
4 creatures vanquished.

Grand Total: 5 creatures vanquished

Notes
Turn   | Place    | Note
-------+----------+-------------------------------------------
     0 | D:1      | avis the Felid Summoner began the quest for the Orb.
     0 | D:1      | Reached XP level 1. HP: 7/7 MP: 4/4
   369 | D:1      | Slain by a quokka

Illustrated notes

Levels and vault maps discovered:
D:1:      minmay_arrival_four_circles, layout_basic

Action                   || total
-------------------------++-------
Melee: Unarmed           ||     3
 Cast: Summon Small Mamm ||    13
Dodge: Dodged            ||     9
